 Dungeon Crawl Stone Soup version 0.23-a0-619-g281719c (console) character file.

58 Duffy the Chopper (level 3, -2/29 HPs)
             Began as a Demonspawn Fighter on Dec 22, 2018.
             Killed by divine providence
             ... invoked by an orc priest
              (12 damage)
             ... on level 4 of the Dungeon.
             The game lasted 00:00:56 (945 turns).

Duffy the Chopper (Demonspawn Fighter)               Turns: 945, Time: 00:00:57

Health: -2/29      AC:  7    Str: 16    XL:     3   Next: 75%
Magic:  0/3        EV:  6    Int: 10    God:
Gold:   78         SH:  8    Dex: 12    Spells: 2/2 levels left

rFire    . . .     SeeInvis .   a - +0 war axe
rCold    . . .     Gourm    .   c - +0 shield
rNeg     . . .     Faith    .   b - +0 scale mail
rPois    .         Spirit   +   e - +0 helmet
rElec    .         Reflect  .   (no cloak)
rCorr    .         Harm     .   (no gloves)
MR       .....                  (no boots)
Stlth    ..........             (no amulet)
HPRegen  0.09/turn              (no ring)
MPRegen  0.08/turn              (no ring)

@: no status effects
A: magic shield
a: no special abilities


You were on level 4 of the Dungeon.
You were not hungry.

You visited 1 branch of the dungeon, and saw 5 of its levels.

You collected 78 gold pieces.

Inventory:

Hand Weapons
 a - a +0 war axe (weapon)
Armour
 b - a +0 scale mail (worn)
 c - a +0 shield (worn)
 e - a +0 helmet (worn)
Wands
 h - a wand of enslavement (7)
Scrolls
 i - a scroll of teleportation {unknown}
 j - 2 scrolls of remove curse {unknown}
 k - 2 scrolls of fear {unknown}
 n - a scroll of random uselessness {unknown}
 o - a scroll of magic mapping {unknown}
Potions
 d - a potion of might
 g - a potion of ambrosia {unknown}
 l - a potion of magic {unknown}
Comestibles
 f - 2 rations


   Skills:
 - Level 3.0 Fighting
 + Level 3.8 Axes
 - Level 2.6 Armour
 - Level 2.6 Shields


You had 2 spell levels left.
You didn't know any spells.
Your spell library was empty.

Dungeon Overview and Level Annotations

Branches:
Dungeon (5/15)
 Temple: D:4-7

Altars:
Nemelex Xobeh
Qazlal
Uskayaw

Shops:
D:4 !=


Innate Abilities, Weirdness & Mutations

When hurt, damage is shared between your health and your magic reserves.


Message History

You are too injured to fight recklessly!
You are too injured to fight recklessly!
You are too injured to fight recklessly!
You are too injured to fight recklessly!
You are too injured to fight recklessly!
You are too injured to fight recklessly!
You are too injured to fight recklessly!
You are too injured to fight recklessly!
You are too injured to fight recklessly!
The orc priest hits you with a +0 trident.
You barely miss the orc priest. You barely miss something.
The orc priest closely misses you.
You hear some strange, mumbled words.
You hit the orc priest but do no damage.
You miss something. You block something's attack.
The orc priest hits you with a +0 trident.
You block something's attack.
The orc priest calls down the wrath of Beogh upon you.
Beogh smites you!
You die...

##..##...... ...
#....#...... ....
#....+..##.. ...######
##..##..##..
#......######..######..
#......#...#...).......
#......#...'...........
#....\.#...#..........<
#....@.'.>.#...[...####
#...o..#####..###..#
....#'#### #..# ####
... #. #.... .. #
#..... ######


You could see an orc priest.

Vanquished Creatures
  Jessica (D:2)
  An adder (D:2)
  2 worms (D:2)
  2 orcs (D:4)
  2 goblins (D:2)
  2 hobgoblins
  A quokka (D:2)
  A ball python (D:2)
  4 bats
  A frilled lizard (D:2)
  2 rats
19 creatures vanquished.

Notes
Turn   | Place    | Note
-------+----------+-------------------------------------------
     0 | D:1      | Duffy the Demonspawn Fighter began the quest for the Orb.
     0 | D:1      | Reached XP level 1. HP: 18/18 MP: 1/1
    65 | D:2      | Noticed a +0 dagger
    65 | D:2      | Noticed a +0 hand axe
    81 | D:2      | Found a hide-covered altar of Uskayaw.
   143 | D:2      | Gained mutation: When hurt, damage is shared between your
                  | health and your magic reserves. [demonic ancestry]
   143 | D:2      | Reached XP level 2. HP: 7/24 MP: 2/2
   638 | D:2      | Found a stormy altar of Qazlal.
   708 | D:2      | Noticed Jessica
   713 | D:2      | Killed Jessica
   713 | D:2      | Reached XP level 3. HP: 29/29 MP: 3/3
   758 | D:2      | Found a sparkling altar of Nemelex Xobeh.
   857 | D:4      | Found Ywkeu's Jewellery Shoppe.
   860 | D:5      | Entered Level 5 of the Dungeon
   934 | D:4      | Found Enout's Distillery.
   945 | D:4      | Killed from afar by an orc priest

Vault maps used:
D:1:      nzn_arrival_settlement, hex_medium, st_stairs_11
D:2:      overflow_temple_1_default, dancing_weapons_uskayaw,
          lemuel_blue_sif_altar, chequers_ecumenical_altar_simple_redux,
          lemuel_altar_in_water, uniq_jessica, uniq_terence, uniq_sigmund
D:3:      lemuel_doored_altar, first_ration
D:4:      serial_shops, shop, nicolae_shop_trees,
          nicolae_shop_overgrown_old_shop, shop
D:5:      overflow_temple_1_default

Skill      XL: |  1  2 |
---------------+-------+-----
Axes           | 2 3 |  3.8
Fighting       | |  3.0
Armour         | |  2.6
Shields        | |  2.6

Action                   || total
-------------------------++-------
Melee: War axe           ||    71
Armor: Scale mail        ||    29
Dodge: Dodged            ||    25
Block: Shield            ||    37

Table legend:
 A = Non-vault XP
 B = Vault XP
 C = Vault XP percentage of total XP
 D = Non-vault monster count
 E = Vault monster count
 F = Vault count percentage of total count
                 A         B        C        D         E       F
            +---------+---------+-------+---------+---------+-------
      Total |      46 |      37 |  44.6 |      18 |       1 |   5.3
            +---------+---------+-------+---------+---------+-------
        D:1 |       5 |       0 |   0.0 |       4 |       0 |   0.0
        D:2 |      33 |      37 |  52.9 |      11 |       1 |   8.3
        D:3 |       2 |       0 |   0.0 |       1 |       0 |   0.0
        D:4 |       6 |       0 |   0.0 |       2 |       0 |   0.0
            +---------+---------+-------+---------+---------+-------
